 Dungeon Crawl Stone Soup version 0.31.0-32-g396128a36d (webtiles) character file.

Game seed: 8460777569859680219

531 firemarshallily the Sneak (level 7, -3/49 HPs)
             Began as an Octopode Brigand on Mar 30, 2024.
             Was an Initiate of Dithmenos.
             Slain by Crazy Yiuf
             ... wielding a +4 quarterstaff of chaos
              (12 damage)
             ... on level 4 of the Dungeon.
             The game lasted 00:08:44 (3260 turns).

firemarshallily the Sneak (Octopode Brigand)        Turns: 3260, Time: 00:08:45

Health: -3/49      AC:  5    Str: 10    XL:     7   Next: 24%
Magic:  7/7        EV: 14    Int: 13    God:    Dithmenos [......]
Gold:   255        SH:  0    Dex: 16    Spells: 6/6 levels left

rFire   . . .        r - +3 dagger
rCold   . . .        (no shield)
rNeg    . . .        (helmet restricted)
rPois   .            (no amulet)
rElec   .            s - +4 ring of protection
rCorr   .            (no ring)
SInv    .            (no ring)
Will    .....        (no ring)
Stlth   ++++         (no ring)
HPRegen 0.28/turn    (no ring)
MPRegen 0.10/turn    (no ring)
                     (no ring)

%: no passive effects
@: no status effects
A: almost no armour, amphibious, 8 rings, camouflage 1, gelatinous body 1,
(nimble swimmer 1), tentacles
a: Renounce Religion


You were on level 4 of the Dungeon.
You worshipped Dithmenos.
Dithmenos was noncommittal.
You visited 1 branch of the dungeon, and saw 4 of its levels.

You collected 255 gold pieces.

Inventory:

Hand Weapons
 r - a +3 dagger (weapon)
Missiles
 b - 15 poisoned darts (quivered)
 c - 3 curare-tipped darts
 h - 2 boomerangs
Jewellery
 s - a +4 ring of protection (left tentacle)
Wands
 a - a wand of flame (8)
Scrolls
 d - a scroll of fear {unknown}
 e - a scroll of vulnerability {unknown}
 f - 2 scrolls of noise {unknown}
 g - a scroll of blinking {unknown}
 i - a scroll of brand weapon {unknown}
 j - 5 scrolls of teleportation {unknown}
 n - a scroll of fog {unknown}
 o - 4 scrolls of identify {unknown}
 t - a scroll of enchant armour {unknown}
Potions
 k - a potion of degeneration
 l - 3 potions of curing
 m - 3 potions of resistance {unknown}
 p - a potion of attraction {unknown}
 q - a potion of enlightenment {unknown}


   Skills:
 * Level 4.7 Fighting
 * Level 4.6 Short Blades
 - Level 2.0 Throwing
 + Level 2.9 Dodging
 + Level 6.8 Stealth


You had 6 spell levels left.
You didn't know any spells.
Your spell library contained the following spells:

 Spells                   Type           Power      Damage    Failure   Level
 Magic Dart               Conj           0%         1d3       30%         1
 Blink                    Tloc           0%         N/A       43%         2
 Call Imp                 Summ           0%         N/A       43%         2
 Lesser Beckoning         Tloc           0%         N/A       43%         2
 Momentum Strike          Conj/Tloc      0%         3d8       43%         2
 Sublimation of Blood     Necr           0%         N/A       43%         2
 Summon Hydra             Summ           0%         N/A       100%        7


Dungeon Overview and Level Annotations

Branches:
Dungeon (4/15)
 Temple: D:4-7

Altars:
Dithmenos
Gozag
Makhleb
Yredelemnul

Annotations:
D:4 Crazy Yiuf


Innate Abilities, Weirdness & Mutations

You cannot wear most types of armour.
You are amphibious.
You can wear up to eight rings at the same time.
Your skin changes colour to match your surroundings (Stealth+).
Your rubbery body absorbs attacks. (AC +1, EV +1)
((You are camouflaged when in or above water. (Stealth+)))
You have tentacles for arms and can constrict up to eight enemies at once.


Message History

Things that are here:
a +0 orcbow; a centaur corpse
Things that are here:
a +0 club; a +2 buckler You see here 4 stones.
Things that are here:
a +0 dagger; a +0 robe
There is a fountain of sparkling water here.
You enter the deep water.
There is a fountain of sparkling water here.
You see here a +0 whip.
There is a stone staircase leading up here.
There is a stone staircase leading down here.
You open the door.
There is an open translucent door here.
Crazy Yiuf shouts!
Crazy Yiuf hits you with a +4 quarterstaff of chaos.
Crazy Yiuf burns you.
You hit Crazy Yiuf. You grab Crazy Yiuf.
Crazy Yiuf is lightly wounded.
You constrict Crazy Yiuf.
Crazy Yiuf hits you with a +4 quarterstaff of chaos!
You are poisoned.
You hit Crazy Yiuf.
Crazy Yiuf is lightly wounded.
You constrict Crazy Yiuf, but do no damage.
You feel very sick.
Crazy Yiuf hits you with a +4 quarterstaff of chaos!
You suddenly lose the ability to move!
You lose your grip on Crazy Yiuf.
* * * LOW HITPOINT WARNING * * *
You feel very sick.
Crazy Yiuf yells, "Snower illywillydillykilly testudinal!"
Crazy Yiuf hits you with a +4 quarterstaff of chaos!
* * * LOW HITPOINT WARNING * * *
You are more poisoned.
You can move again.
Why would you want to do that?
It was a potion of curing.
You feel better.
Crazy Yiuf hits you with a +4 quarterstaff of chaos!
You die...

.# #.#
#.#######.#.# .#
#.# #.##........#
.# #.#
#.##......### .#
### #.#
########### .#
##.###.## .#
##.......#
########
.###.......##
########.#..#.##
........####
#...##..#.PP...##
######.##
#g@.'.####P.....#
#.##### #)..###
##.#...# #.#...#
##### ####..#
#.....# #.##
###...# #..#
##)## ### ###
##># # #.# #.#
#.#####.### #.#
#.# #..........
#.# #.#
#.#########


You could see Crazy Yiuf.

Vanquished Creatures
  A black bear (D:4)
  An ogre (D:4)
  A centaur (D:4)
  A howler monkey (D:4)
  A bombardier beetle (D:4)
  Natasha (thrice) (D:3)
  An orc wizard (D:4)
  3 adders
  A gnoll (D:1)
  A ribbon worm (D:4)
  3 orcs (D:4)
  10 endoplasms
  3 giant cockroaches
  8 goblins
  11 hobgoblins
  5 kobolds
  A quokka (D:1)
  7 ball pythons
  A bat (D:2)
  5 frilled lizards
  8 rats
76 creatures vanquished.

Notes
Turn   | Place    | Note
-------+----------+-------------------------------------------
     0 | D:1      | firemarshallily the Octopode Brigand began the quest for
                  | the Orb.
     0 | D:1      | Reached XP level 1. HP: 14/14 MP: 1/1
    76 | D:1      | Reached XP level 2. HP: 19/19 MP: 2/2
   227 | D:1      | Reached XP level 3. HP: 25/25 MP: 3/3
   766 | D:2      | Reached XP level 4. HP: 30/30 MP: 4/4
  1547 | D:3      | Found a burning altar of Makhleb.
  1586 | D:3      | Found a basalt altar of Yredelemnul.
  1857 | D:3      | Noticed Natasha
  1864 | D:3      | Killed Natasha
  1865 | D:3      | Reached XP level 5. HP: 36/36 MP: 5/5
  1965 | D:3      | Noticed Natasha
  1974 | D:3      | Killed Natasha
  2068 | D:3      | Noticed Natasha
  2196 | D:3      | Killed Natasha
  2197 | D:3      | Reached skill level 6 in Stealth
  2319 | D:3      | Found a shadowy altar of Dithmenos.
  2327 | D:3      | Became a worshipper of Dithmenos the Shadowed
  2416 | D:4      | Found a runed translucent door.
  2417 | D:4      | Noticed Crazy Yiuf
  2616 | D:4      | Found an opulent altar of Gozag.
  2618 | D:4      | Found an opulent altar of Gozag.
  2622 | D:4      | Noticed a black bear
  2623 | D:4      | Found an opulent altar of Gozag.
  2631 | D:4      | Reached XP level 6. HP: 43/43 MP: 6/6
  2637 | D:4      | Killed a black bear
  2795 | D:4      | Found an opulent altar of Gozag.
  2844 | D:4      | Reached XP level 7. HP: 49/49 MP: 7/7
  3258 | D:4      | Paralysed by Crazy Yiuf for 1 turns
  3259 | D:4      | HP: 2/49 [Crazy Yiuf/+4 quarterstaff of chaos (10)]
  3260 | D:4      | Slain by Crazy Yiuf

Illustrated notes

Levels and vault maps discovered:
D:1:      lightli_arrival_isolated_outpost, layout_rooms, minmay_pentomino_r4
D:2:      layout_loops_ring, minmay_misc_feat_iff
D:3:      layout_basic, nicolae_overflow_hidden_temple,
          nicolae_overflow_crystal_walls, lemuel_doored_altar, uniq_natasha
D:4:      layout_loops_ring, nicolae_gozag_conspicuous_consumption,
          uniq_crazy_yiuf_cottage

Skill      XL: |  1  2  3  4  5  6 |
---------------+-------------------+-----
Short Blades   | 3 4 |  4.6
Fighting       | 3 4 |  4.7
Dodging        | 2 |  2.9
Stealth        | 6 |  6.8
Throwing       | |  2.0

Action                     |  1- 3 |  4- 6 |  7- 9 || total
---------------------------+-------+-------+-------++-------
  Melee: Dagger            |    62 |    82 |    12 ||   156
         Constrict         |    15 |    17 |     1 ||    33
         Tentacles         |    15 |    18 |     1 ||    34
         Punch             |       |     2 |       ||     2
  Throw: Dart              |       |     5 |       ||     5
    Use: Potion            |       |     1 |     1 ||     2
   Stab: Sleeping          |    15 |    11 |       ||    26
         Distracted        |     1 |     1 |       ||     2
 Armour: Skin              |    11 |    29 |    16 ||    56
  Dodge: Dodged            |    20 |    40 |    14 ||    74
